 Dungeon Crawl Stone Soup version 0.18-a0-5-gf1fb587 (webtiles) character file.

116 radek the Conjurer (level 4, -2/24 HPs)
             Began as a Deep Elf Conjurer on Oct 31, 2015.
             Was an Initiate of Vehumet.
             Slain by Sigmund
             ... wielding a +0 scythe
              (8 damage)
             ... on level 2 of the Dungeon.
             The game lasted 00:06:54 (2060 turns).

radek the Conjurer (Deep Elf Conjurer)              Turns: 2060, Time: 00:06:54

Health: -2/24      AC:  3    Str:  6    XL:     4   Next: 69%
Magic:  8/10       EV: 13    Int: 20    God:    Vehumet [......]
Gold:   133        SH:  0    Dex: 15    Spells: 1 memorised, 8 levels left

rFire  x . .     SeeInvis .     j - +0 short sword
rCold  + . .     Clarity  .     a - +0 robe
rNeg   . . .     SustAt   .     (no shield)
rPois  .         Gourm    .     (no helmet)
rElec  .         Spirit   .     (no cloak)
rCorr  .         Warding  .     g - +0 pair of gloves
rMut   .         Stasis   .     (no boots)
MR     .....                    (no amulet)
Stlth  ++........               (no ring)
                                e - ring of ice

@: not resistant to hostile enchantments, unstealthy
A: no striking features
a: Renounce Religion


You were on level 2 of the Dungeon.
You worshipped Vehumet.
Vehumet was noncommittal.
You were not hungry.

You visited 1 branch of the dungeon, and saw 2 of its levels.

You collected 133 gold pieces.

Inventory:

Hand Weapons
 j - a +0 short sword (weapon)
Armour
 a - a +0 robe (worn)
 g - a +0 pair of gloves (worn)
Jewellery
 e - a ring of ice (left hand)
 n - an uncursed ring of protection from fire {unknown}
Scrolls
 f - a scroll of random uselessness {unknown}
 h - 6 scrolls of remove curse {unknown}
 i - 2 scrolls of teleportation {unknown}
Potions
 d - a potion of mutation {unknown}
 k - a potion of curing {unknown}
Books
 b - a book of Conjurations

   Spells                             Type                      Level
   a - Magic Dart                     Conjuration                  1
   b - Searing Ray                    Conjuration                  2
   c - Dazzling Spray                 Conjuration/Hexes            3
   d - Fulminant Prism                Conjuration/Hexes            4
   e - Iskenderun's Mystic Blast      Conjuration                  4
   f - Iskenderun's Battlesphere      Conjuration/Charms           5
Comestibles
 c - 3 bread rations
 l - 2 slices of pizza
 m - a chunk of flesh


   Skills:
 - Level 2.4 Dodging
 - Level 2.4 Stealth
 - Level 3.0 Spellcasting
 + Level 6.7 Conjurations


You had 8 spell levels left.
You knew the following spells:

 Your Spells              Type           Power        Failure   Level  Hunger
a - Magic Dart            Conj           ####         1%          1    None


Dungeon Overview and Level Annotations

Branches:
Dungeon (2/15)

Altars:
Vehumet
Xom

Annotations:
D:2 Sigmund


Message History

Casting: Magic Dart
Confirm with . or Enter, or press ? or * to list all spells.
Aiming: Magic Dart
Press: ? - help, Shift-Dir - straight line The magic dart hits something.
You are confused.
You see here a club.
You bump into the rock wall.
You bump into the rock wall.
You bump into the rock wall.
You bump into the rock wall.
You feel less confused.
A magic dart appears from out of thin air!
The magic dart hits you!
A puff of flame appears from out of thin air!
The puff of flame hits you! The fire burns you terribly!
Ouch! That really hurt!
* * * LOW HITPOINT WARNING * * *
Something hits you!
You die...

## ##.####.###......... #######
##†.# .............
......#######..## ####.........
#####..##.....## #......... #
##....##### #......... ##
##..#### ###########........ .#
#......####........###.....#.
.####.####..##.....##### ########
.##.............@### #
...†.#######....#################
..#### ###.##..................
....######...####################
.##....#.).### # ######...#######
# ...............# #
##############... #


There were no monsters in sight!

Vanquished Creatures
  Ijyb (D:1)
  4 adders (D:2)
  A worm (D:2)
  8 bats
  7 goblins
  8 hobgoblins
  3 quokkas (D:2)
  A ball python (D:2)
  2 giant cockroaches (D:1)
  2 giant geckos (D:1)
  A giant newt (D:2)
  2 jackals (D:2)
  4 kobolds
  4 rats (D:1)
48 creatures vanquished.

Notes
Turn   | Place    | Note
--------------------------------------------------------------
     0 | D:1      | radek the Deep Elf Conjurer began the quest for the Orb.
     0 | D:1      | Reached XP level 1. HP: 10/10 MP: 6/6
     3 | D:1      | Noticed an electric eel
     3 | D:1      | Noticed an electric eel
   182 | D:1      | Reached XP level 2. HP: 15/15 MP: 6/8
   198 | D:1      | Reached skill level 5 in Conjurations
  1228 | D:2      | Reached XP level 3. HP: 19/19 MP: 4/9
  1305 | D:2      | Found a shimmering altar of Xom.
  1305 | D:2      | Found a radiant altar of Vehumet.
  1314 | D:2      | Became a worshipper of Vehumet
  1461 | D:2      | Reached skill level 6 in Conjurations
  1520 | D:2      | Reached XP level 4. HP: 24/24 MP: 7/10
  1614 | D:2      | Noticed Ijyb
  1672 | D:1      | Killed Ijyb
  2039 | D:2      | Noticed Sigmund
  2060 | D:2      | Slain by Sigmund

Vault maps used:
D:1:      arrival_aquarium_b
D:2:      gammafunk_temple_overflow_wave, uniq_iyjb, uniq_sigmund

Action                   |  1- 3 |  4- 6 || total
-------------------------+-------+-------++-------
Melee: Short sword       |     2 |    27 ||    29
 Cast: Magic Dart        |    72 |    39 ||   111
  Eat: Chunk             |     2 |     1 ||     3
